 Dungeon Crawl Stone Soup version 0.28.0-53-g5a82cb258f (webtiles) character file.

Game seed: 17907672283382629011

7258 ILmort the Cleaver (level 11, -2/97 HPs)
             Began as a Hill Orc Fighter on Aug 26, 2022.
             Was a Believer of Uskayaw.
             Killed from afar by an electric eel (5 damage)
             ... with a bolt of electricity
             ... on level 4 of the Dungeon.
             The game lasted 00:49:39 (11030 turns).

ILmort the Cleaver (Hill Orc Fighter)              Turns: 11030, Time: 00:49:40

Health: -2/97      AC: 13    Str: 27    XL:     11   Next: 12%
Magic:  19/19      EV:  9    Int: 14    God:    Uskayaw [**....]
Gold:   397        SH:  4    Dex: 10    Spells: 10/10 levels left

rFire   . . .      SeeInvis .   a - +0 war axe
rCold   . . .      Faith    .   c - +0 buckler
rNeg    . . .      Spirit   .   L - +0 scale mail
rPois   .          Reflect  .   z - +0 helmet of Peek-a-Boo {Str+3}
rElec   .          Harm     .   (no cloak)
rCorr   .          Rampage  .   (no gloves)
Will    .....                   l - +2 pair of boots
Stlth   ..........              u - amulet of regeneration
HPRegen 1.06/turn               n - +6 ring of intelligence
MPRegen 0.16/turn               (no ring)

@: about to teleport, very slow
A: no striking features
a: Renounce Religion, Stomp, Line Pass


You were on level 4 of the Dungeon.
You worshipped Uskayaw.
Uskayaw was aware of your devotion.
You visited 2 branches of the dungeon, and saw 12 of its levels.

You collected 746 gold pieces.
You spent 349 gold pieces at shops.

Inventory:

Hand Weapons
 a - a +0 war axe (weapon)
 b - a +0 morningstar
Missiles
 p - a throwing net (quivered)
Armour
 c - a +0 buckler (worn)
 h - a +0 helmet
 l - a +2 pair of boots (worn)
 t - a +1 helmet
 z - the +0 helmet of Peek-a-Boo (worn) {Str+3}
   (You found it on level 8 of the Dungeon)

   Str:       It affects your strength (+3).
 B - the +2 ring mail of the Solstice {Harm rC+}
   (You found it on level 8 of the Dungeon)

   rC:        It protects you from cold.
   Harm:      It increases damage dealt and taken.
 H - a +1 hat of see invisible
 L - a +0 scale mail (worn)
Jewellery
 n - a +6 ring of intelligence (left hand)
 u - an amulet of regeneration (around neck)
 w - an amulet of the acrobat
 I - a ring of wizardry
Wands
 v - a wand of iceblast (6)
 y - a wand of acid (4)
 D - a wand of flame (29)
 J - a wand of polymorph (6)
Scrolls
 d - a scroll of magic mapping
 e - 3 scrolls of enchant weapon
 i - a scroll of fear
 j - 4 scrolls of teleportation
 m - 7 scrolls of enchant armour
 o - a scroll of blinking
 q - 2 scrolls of amnesia
 r - a scroll of holy word
 F - a scroll of identify
Potions
 g - 4 potions of curing
 k - a potion of cancellation
 s - 2 potions of invisibility
 x - a potion of brilliance
 A - a potion of haste
 C - a potion of attraction {unknown}
 E - 3 potions of ambrosia
 G - a potion of lignification
 K - 2 potions of might


   Skills:
 + Level 9.2 Fighting
 * Level 13.2 Axes
 + Level 8.4 Armour
 - Level 3.2 Shields
 * Level 11.7 Invocations


You had 10 spell levels left.
You didn't know any spells.
Your spell library contained the following spells:

 Spells                   Type           Power      Damage    Failure   Level
 Sandblast                Erth           0%         2d4       58%         1
 Shock                    Conj/Air       0%         1d3       58%         1
 Passwall                 Tmut/Erth      0%         N/A       75%         2
 Searing Ray              Conj           0%         2d4       75%         2
 Ozocubu's Armour         Ice            0%         N/A       92%         3
 Stone Arrow              Conj/Erth      0%         3d7       92%         3
 Fulminant Prism          Conj/Hex       0%         3d6       100%        4
 Iskenderun's Mystic Bla  Conj/Tloc      0%         2d3       100%        4
 Passage of Golubria      Tloc           0%         N/A       100%        4
 Lee's Rapid Deconstruct  Erth           0%         3d5*      100%        5
 Lightning Bolt           Conj/Air       0%         1d11      100%        5
 Silence                  Hex/Air        0%         N/A       100%        5
 Dispersal                Tloc           0%         N/A       100%        6
 Ozocubu's Refrigeration  Ice            0%         4d5       100%        7
 Disjunction              Tloc           0%         N/A       100%        8
 Lehudib's Crystal Spear  Conj/Erth      0%         10d2      100%        8


Dungeon Overview and Level Annotations

Branches:
Dungeon (11/15)            Temple (0/1) D:7            Lair (1/6) D:8
    Orc: D:9-12

Altars:
Ashenzari
Cheibriados
Dithmenos
Elyvilon
Gozag
Kikubaaqudgha
Qazlal
Ru
Trog
Uskayaw
Wu Jian
Yredelemnul
The Shining One

Shops:
D:1 =[==[   D:2 *   D:5 ?   D:10 ?

Annotations:
D:4 1 transporter, exclusion: downstairs
D:8 6 transporters, 1 runed translucent door, crawlogic's ghost, novice FeSu
D:9 2 transporters, kalagan's ghost, journeyman DECj


Message History

The electric eel completely resists.
The bolt of electricity hits you!
You slice the electric eel!!
You kill the electric eel!
You hear a splash.
You closely miss the electric eel.
The electric eel shoots out a bolt of lightning at you!
The bolt of electricity hits you!
You barely miss the electric eel. You slash the electric eel!
The electric eel shoots out a bolt of lightning at you!
The bolt of electricity hits you. x2
The electric eel shoots out a bolt of lightning at you!
The bolt of electricity hits you!
You can now pass through a line of other dancers.
You barely miss the electric eel.
The electric eel shoots out a bolt of lightning at you!
The bolt of electricity hits you! x2
You miss the electric eel.
The electric eel shoots out a bolt of lightning at you!
The bolt of electricity hits you!
Okay, then.
As you read the scroll of teleportation, it crumbles to dust.
You feel strangely unstable.
You enter the shallow water.
Moving in this stuff is going to be slow.
The electric eel shoots out a bolt of lightning at you!
The bolt of electricity hits you. The bolt of electricity hits you!
* * * LOW HITPOINT WARNING * * *
The bolt of electricity hits the electric eel.
The electric eel completely resists.
The electric eel shoots out a bolt of lightning at you!
The bolt of electricity hits you.
* * * LOW HITPOINT WARNING * * *
The bolt of electricity hits you!
* * * LOW HITPOINT WARNING * * *
The bolt of electricity hits the electric eel.
The electric eel completely resists.
The electric eel shoots out a bolt of lightning at you!
The bolt of electricity hits you.
You die...

....................##
..........#........##
....................#
..............©..)).#
...#####...#######[.# ###
.........#.#8.©.8#..# #.#
......####.#P.).P#..###.#######
..###......###'###............#
..#####....#S...@#............#
...........#S...S#............#
..######...#≈...≈#.........>..#
#.### #...#≈.⌠.≈#..###.#######
....####.#.#≈...≈#...#..#
#.#.##...#.#≈...≈#.....##
...........#≈...≈#...###
........##.###+###...#
....#.#....#P.$.P#...####


You could see 3 electric eels.

Vanquished Creatures
  Gastronok (D:10)
  The ghost of ILmort the Fiendish, a novice HOFi of Makhleb (D:7)
  A hornet (D:9)
  4 yaks (D:10)
  A wraith (D:10)
  A wyvern (D:5)
  A water moccasin (D:7)
  Duvessa (D:6)
  2 sky beasts
  4 orc warriors
  2 black bears (D:6)
  3 ice beasts
  6 centaurs
  3 kobold brigands
  2 bullfrogs
  A wyvern zombie (D:9)
  2 scorpions
  Dowan (D:6)
  4 killer bees
  12 wights
  An electric eel (D:4)
  A howler monkey (D:9)
  A bullfrog zombie (D:5)
  3 centaur zombies
  A jelly (D:7)
  6 orc priests
  3 hounds
  A bullfrog skeleton (D:4)
  An iguana (D:4)
  10 orc wizards
  A hound zombie (D:5)
  A howler monkey skeleton (D:7)
  A howler monkey zombie (D:7)
  7 adders
  8 gnolls
  2 white imps
  An adder skeleton (D:4)
  2 dart slugs
  38 orcs
  6 ball pythons
  8 endoplasms
  A giant cockroach (D:2)
  5 goblins
  9 hobgoblins
  2 jackals (D:3)
  4 quokkas
  6 bats
  17 kobolds
  5 rats
205 creatures vanquished.

Vanquished Creatures (collateral kills)
  The ghost of brob1 the Skirmisher, a novice MiBe of Trog (D:5)
  A yak (D:5)
  A wyvern zombie (D:5)
3 creatures vanquished.

Grand Total: 208 creatures vanquished

Notes
Turn   | Place    | Note
-------+----------+-------------------------------------------
     0 | D:1      | ILmort the Hill Orc Fighter began the quest for the Orb.
     0 | D:1      | Reached XP level 1. HP: 19/19 MP: 1/1
    20 | D:1      | Found Minot's Antique Armour Shop.
    63 | D:1      | Reached skill level 3 in Axes
    76 | D:1      | Reached XP level 2. HP: 27/27 MP: 2/2
   238 | D:1      | Found Botut's Antique Armour Emporium.
   305 | D:1      | Found Zovumax's Jewellery Boutique.
   345 | D:1      | Found a faded altar of an unknown god.
   381 | D:1      | Found Dyabih's Jewellery Boutique.
   490 | D:1      | Found Coufasha's Jewellery Shoppe.
   529 | D:1      | Reached XP level 3. HP: 33/33 MP: 3/3
   702 | D:2      | Reached skill level 4 in Axes
   869 | D:2      | Reached XP level 4. HP: 40/40 MP: 4/4
  1534 | D:2      | Found Rualel's Assorted Antiques.
  1544 | D:2      | Bought a scroll labelled JIXYN IPNURA for 24 gold pieces
  1544 | D:2      | Bought a dark potion for 21 gold pieces
  1544 | D:2      | Bought a scroll labelled JIXYN IPNURA for 24 gold pieces
  1544 | D:2      | Bought a scroll labelled PIDOTH UN QEOM for 24 gold pieces
  1915 | D:3      | Found a white marble altar of Elyvilon.
  1916 | D:3      | Found an opulent altar of Gozag.
  1917 | D:3      | Found an ancient bone altar of Kikubaaqudgha.
  1917 | D:3      | Found a stormy altar of Qazlal.
  1933 | D:3      | Found a shadowy altar of Dithmenos.
  1933 | D:3      | Found a basalt altar of Yredelemnul.
  1938 | D:3      | Reached skill level 5 in Axes
  1986 | D:3      | Found a glowing golden altar of the Shining One.
  2238 | D:3      | Reached XP level 5. HP: 34/47 MP: 5/5
  2539 | D:4      | Noticed an ice beast
  2549 | D:4      | Killed an ice beast
  2592 | D:4      | Found a transporter.
  2661 | D:4      | Reached skill level 5 in Fighting
  2661 | D:4      | Reached skill level 6 in Axes
  2661 | D:4      | Reached XP level 6. HP: 49/56 MP: 6/6
  2704 | D:4      | Found a transporter.
  2773 | D:4      | Noticed a +0 dagger
  2793 | D:4      | Noticed a +0 dagger
  2794 | D:4      | Found a hide-covered altar of Uskayaw.
  2819 | D:4      | Became a worshipper of Uskayaw the Reveller
  2827 | D:4      | Reached * piety under Uskayaw
  2935 | D:4      | Reached ** piety under Uskayaw
  2936 | D:4      | Reached skill level 1 in Invocations
  2941 | D:4      | Reached *** piety under Uskayaw
  3184 | D:4      | Found a sacrificial altar of Ru.
  3214 | D:5      | Entered Level 5 of the Dungeon
  3245 | D:5      | Found Qomapirru's Magic Scroll Emporium.
  3344 | D:5      | Bought a scroll of enchant armour for 97 gold pieces
  3344 | D:5      | Bought a scroll of magic mapping for 45 gold pieces
  3344 | D:5      | Bought a scroll of identify for 26 gold pieces
  3373 | D:5      | Reached XP level 7. HP: 58/61 MP: 8/8
  3538 | D:5      | Noticed brob1's ghost (novice MiBe)
  3542 | D:5      | Found a runed translucent gate.
  3542 | D:5      | Found a runed translucent gate.
  3545 | D:5      | Found a runed translucent gate.
  3546 | D:5      | Noticed a yak
  3572 | D:5      | Reached skill level 7 in Axes
  3572 | D:5      | Reached skill level 5 in Armour
  3688 | D:5      | Noticed a wyvern
  4192 | D:5      | Found a snail-covered altar of Cheibriados.
  4273 | D:5      | Killed a wyvern
  4406 | D:6      | Noticed Duvessa
  4426 | D:6      | Noticed Dowan
  4578 | D:6      | Reached XP level 8. HP: 67/70 MP: 11/11
  4611 | D:6      | Reached skill level 8 in Axes
  5154 | D:6      | Reached skill level 5 in Invocations
  5438 | D:7      | Reached skill level 9 in Axes
  5810 | D:7      | Reached XP level 9. HP: 78/78 MP: 14/14
  5950 | D:7      | Found a runed translucent door.
  5956 | D:7      | Noticed ILmort's ghost (novice HOFi)
  5978 | D:7      | HP: 3/79 [ILmort's ghost (18)]
  6191 | D:6      | Found a broken altar of Ashenzari.
  6364 | D:6      | Reached skill level 10 in Axes
  6454 | D:6      | Found an ornate altar of the Wu Jian Council.
  6578 | D:7      | Found a staircase to the Ecumenical Temple.
  6944 | D:8      | Reached **** piety under Uskayaw
  6955 | D:8      | Reached ***** piety under Uskayaw
  7052 | D:8      | Noticed crawlogic's ghost (novice FeSu)
  7053 | D:8      | Found a transporter.
  7054 | D:8      | Found a runed translucent door.
  7055 | D:8      | Found a transporter.
  7067 | D:8      | Identified the +0 helmet of Peek-a-Boo {Str+3}
  7142 | D:8      | Found a staircase to the Lair.
  7185 | D:8      | Found a transporter.
  7187 | D:8      | Found a transporter.
  7233 | D:8      | Found a transporter.
  7236 | D:8      | Found a transporter.
  7285 | D:8      | Identified the +2 ring mail of the Solstice {Harm rC+}
  7307 | D:8      | Got the Catalogue of Conjuration
  7711 | D:8      | Reached skill level 11 in Axes
  7900 | D:9      | Noticed a hornet
  7913 | D:9      | Killed a hornet
  7914 | D:9      | Reached XP level 10. HP: 39/88 MP: 13/17
  8241 | D:9      | Found a transporter.
  8241 | D:9      | Noticed a manticore
  8243 | D:9      | Noticed a seven-headed hydra
  8244 | D:9      | Noticed a centaur warrior
  8244 | D:9      | Noticed kalagan's ghost (journeyman DECj)
  8259 | D:9      | Found a transporter.
  8493 | D:10     | Entered Level 10 of the Dungeon
  8611 | D:10     | Found Geisicez's Magic Scroll Shoppe.
  8628 | D:10     | Bought 2 scrolls of identify for 44 gold pieces
  8628 | D:10     | Bought a scroll of identify for 22 gold pieces
  8628 | D:10     | Bought a scroll of identify for 22 gold pieces
  8748 | D:10     | Reached skill level 10 in Invocations
  8951 | D:10     | Noticed Gastronok
  9115 | Lair:1   | Entered Level 1 of the Lair of Beasts
  9115 | Lair:1   | Noticed a seven-headed hydra
  9249 | D:11     | Noticed a two-headed ogre
  9339 | D:10     | Reached skill level 12 in Axes
  9513 | D:10     | Killed Gastronok
  9934 | D:7      | Found a bloodstained altar of Trog.
 10133 | D:7      | Killed ILmort's ghost
 10134 | D:7      | Reached XP level 11. HP: 87/97 MP: 19/19
 10433 | D:6      | Killed Duvessa
 10434 | D:6      | Reached skill level 13 in Axes
 10444 | D:6      | Killed Dowan
 10918 | D:5      | Killed brob1's ghost
 11030 | D:4      | HP: 3/97 [electric eel/bolt of electricity (15)]
 11030 | D:4      | Killed from afar by an electric eel

Illustrated notes

Levels and vault maps discovered:
D:1:      minmay_arrival_doors, layout_rooms, serial_shops, shop,
          nicolae_square_shop, shop, nicolae_shop_stone, shop_coins,
          shapermc_ecumenical_altar_ellora, kennysheep_another_room
D:2:      cheibrodos_helix_gallery, layout_loops_ring, serial_shops,
          nicolae_shop_overgrown_old_shop
D:3:      layout_loops_corners, grunt_temple_overflow_open, minivault_25
D:4:      gammafunk_steamed_eel, layout_rooms, lemuel_coloured_pillars_altar,
          dancing_weapons_uskayaw
D:5:      layout_loops_ring, mainiacjoe_overflow_alcove_2, serial_shops, shop,
          gammafunk_ghost_split, minmay_misc_feat_square
D:6:      wander_river, layout_layer_cave, lemuel_crystal_altar,
          nzn_wu_jian_contemplation, kennysheep_small_square, uniq_duvessa
D:7:      layout_loops_corners, lightli_temple_of_fire,
          minmay_temple_entry_mist, ebering_ghost_reflecting_pool
D:8:      layout_basic, lair_entry_dummy, hellmonk_ghost_happy_afterlife,
          serial_nicolae_subway, nicolae_sub_station_crystal,
          nicolae_sub_station_metal, nicolae_sub_station_stone
D:9:      layout_gridville, gammafunk_ghost_arena
D:10:     layout_cave_pools, serial_shops, nicolae_shop_statue_plus,
          minivault_27, uniq_gastronok
D:11:     layout_cross, portal_ice_cave_entry_imps
Lair:1:   layout_cave_pods, amcnicky_mini_pool_medium,
          infiniplex_staircase_pool, grunt_megastairs_2, serial_bayou_shore_b,
          uniq_grum

Skill      XL: |  1  2  3  4  5  6  7  8  9 10 11 |
---------------+----------------------------------+-----
Axes           | 3 4 5 6 7 9 11 12 13 | 13.2
Fighting       | 4 5 6 8 9 |  9.2
Armour         | 4 5 6 7 8 |  8.4
Invocations    | 2 4 6 9 11 | 11.7
Shields        | |  3.2

Action                   |  1- 3 |  4- 6 |  7- 9 | 10-12 || total
-------------------------+-------+-------+-------+-------++-------
Melee: War axe           |    77 |   150 |   398 |   172 ||   797
Invok: Stomp             |       |       |     6 |     2 ||     8
  Use: Scroll            |       |    11 |     4 |    10 ||    25
       Potion            |       |     1 |     2 |     1 ||     4
 Stab: Paralysed         |       |     1 |    11 |     8 ||    20
Armor: Scale mail        |    33 |    58 |   203 |    56 ||   350
Dodge: Dodged            |    29 |    71 |   207 |    47 ||   354
Block: Buckler           |     9 |    41 |    87 |    20 ||   157
